 Dungeon Crawl Stone Soup version 0.31.0-11-ge490571c62 (webtiles) character file.

Game seed: 4210019107349658655

22 qw the Shooter (level 2, -1/16 HPs)
             Began as a Deep Elf Hunter on Feb 3, 2024.
             Slain by Jessica
             ... wielding a +0 dagger
              (4 damage)
             ... on level 1 of the Dungeon.
             The game lasted 00:00:01 (806 turns).

qw the Shooter (Deep Elf Hunter)                     Turns: 806, Time: 00:00:02

Health: -1/16      AC:  7    Str:  8    XL:     2   Next: 68%
Magic:  4/4        EV: 10    Int: 13    God:
Gold:   51         SH:  0    Dex: 18    Spells: 1/1 levels left

rFire   . . .        a - +1 shortbow
rCold   . . .        (shield currently unavailable)
rNeg    . . .        k - +0 ring mail
rPois   +            f - +1 helmet
rElec   .            (no cloak)
rCorr   .            (no gloves)
SInv    .            (no boots)
Will    .....        (no amulet)
Stlth   +            h - ring of poison resistance
HPRegen 0.22/turn    (no ring)
MPRegen 0.09/turn

%: no passive effects
@: no status effects
A: no striking features
a: no special abilities


You were on level 1 of the Dungeon.
You visited 1 branch of the dungeon, and saw 2 of its levels.

You collected 51 gold pieces.


   Skills:
 - Level 1.5 Fighting
 + Level 6.4 Ranged Weapons
 - Level 2.4 Dodging
 - Level 1.2 Stealth


You had one spell level left.
You didn't know any spells.
Your spell library was empty.

Inventory:

Hand Weapons
 a - a +1 shortbow (weapon)
Armour
 f - a +1 helmet (worn)
 k - a +0 ring mail (worn)
Jewellery
 h - a ring of poison resistance (left hand)
Potions
 d - a potion of attraction {unknown}
 i - a potion of mutation {unknown}

Dungeon Overview and Level Annotations

Branches:
Dungeon (2/15)

Altars:

Annotations:
D:1 Jessica


Message History

783 ||| READING scroll labelled JYSMYE VEOJYM.
As you read the scroll labelled JYSMYE VEOJYM, it crumbles to dust.
It is a scroll of enchant armour.
783 ||| ENCHANTING +0 helmet.
Your +0 helmet glows green for a moment.
Done exploring.
784 ||| READING scroll labelled VIPRINIA NATO.
Blink to where?
Press: ? - help, Dir - move target, f - you
As you read the scroll labelled VIPRINIA NATO, it crumbles to dust.
It was a scroll of blinking.
Done exploring.
785 ||| READING scroll labelled OKLAECV MEKHLY.
As you read the scroll labelled OKLAECV MEKHLY, it crumbles to dust.
It is a scroll of enchant weapon.
785 ||| ENCHANTING +0 shortbow.
Your +0 shortbow glows red for a moment.
Done exploring.
786 ||| READING scroll labelled DOSERAGUMI.
As you read the scroll labelled DOSERAGUMI, it crumbles to dust.
The air around you briefly surges with heat, but it dissipates.
It was a scroll of immolation.
Done exploring.
787 ||| DROPPING scroll of butterflies.
You drop a scroll of butterflies.
Done exploring.
What level of the Dungeon? (default 1, ? - help)
There is a stone staircase leading down here.
You climb downwards.
Jessica shouts!
The ball python hisses angrily.
Found a scroll labelled ROKATI QEINYAF.
There is a stone staircase leading up here.
There are monsters nearby!
Waypoint 1 assigned to D:2.
804 ||| STAIRDANCE Jessica zaps a wand.
The puff of flame hits you!
Ouch! That really hurt!
You climb upwards.
There is a stone staircase leading down here.
You shoot an arrow. The arrow hits Jessica.
Jessica is heavily wounded.
Jessica hits you with a +0 dagger.
You die...

#.# ##..# #.# #..###... #.#
##...## #.# #..# ##..
#.#######.....###.######..####..
#?.............##.[.............
#######.............####..####..
##...............#..# #..
#......#...........# #.. ######
#.#...##...........# #.# .....#
#.......@@...####### #.#
####.########.######## #..
#..........# ### ############


You could see Jessica.

Vanquished Creatures
  A gnoll (D:1)
  A ball python (D:1)
  A goblin (D:1)
  A hobgoblin (D:1)
  A kobold (D:1)
  3 quokkas (D:1)
  2 bats (D:1)
  A rat (D:1)
11 creatures vanquished.

Notes
Turn   | Place    | Note
-------+----------+-------------------------------------------
     0 | D:1      | qw the Deep Elf Hunter began the quest for the Orb.
     0 | D:1      | Reached XP level 1. HP: 12/12 MP: 3/3
     0 | D:1      | 0 ||| qw: Version: 0.3-a-157-g843a77d
     0 | D:1      | 0 ||| qw: Game counter: 3713
     0 | D:1      | 0 ||| qw: Melee chars always use a shield: true
     0 | D:1      | 0 ||| qw: God list: Okawaru
     0 | D:1      | 0 ||| qw: Allow faded altars: false
     0 | D:1      | 0 ||| qw: Do Orc after clearing Dungeon:15 true
     0 | D:1      | 0 ||| qw: Do second Lair branch before Depths: true
     0 | D:1      | 0 ||| qw: Lair rune preference: random
     0 | D:1      | 0 ||| qw: Goals: Normal
     0 | D:1      | 0 ||| PLANNING D:1-11
    67 | D:1      | Reached skill level 6 in Ranged Weapons
    67 | D:1      | Reached XP level 2. HP: 16/16 MP: 4/4
   116 | D:1      | Found a faded altar of an unknown god.
   766 | D:1      | 766 ||| UPGRADING to +0 helmet.
   771 | D:1      | 771 ||| UPGRADING to +0 ring mail.
   781 | D:1      | 781 ||| DROPPING +0 leather armour.
   782 | D:1      | 782 ||| UPGRADING to ring of poison resistance.
   783 | D:1      | 783 ||| READING scroll labelled JYSMYE VEOJYM.
   783 | D:1      | 783 ||| ENCHANTING +0 helmet.
   784 | D:1      | 784 ||| READING scroll labelled VIPRINIA NATO.
   785 | D:1      | 785 ||| READING scroll labelled OKLAECV MEKHLY.
   785 | D:1      | 785 ||| ENCHANTING +0 shortbow.
   786 | D:1      | 786 ||| READING scroll labelled DOSERAGUMI.
   787 | D:1      | 787 ||| DROPPING scroll of butterflies.
   803 | D:2      | Noticed Jessica
   804 | D:2      | 804 ||| STAIRDANCE
   804 | D:2      | HP: 3/16 [Jessica/puff of flame (13)]
   806 | D:1      | Slain by Jessica

Levels and vault maps discovered:
D:1:      amcnicky_arrival_gap_in_the_tavern_cellar, layout_loops_ring,
          shapermc_ecumenical_altar_totnotflames
D:2:      layout_basic, serial_shops, shop, shop, shop,
          nicolae_shop_real_fake_doors, nicolae_lakefront_shop, uniq_jessica,
          uniq_crazy_yiuf_cottage

Skill      XL: |  1 |
---------------+----+-----
Ranged Weapons | 6 |  6.4
Fighting       | |  1.5
Dodging        | |  2.4
Stealth        | |  1.2

Action                     || total
---------------------------++-------
   Fire: Shortbow          ||    29
    Use: Scroll            ||     4
 Armour: Leather armour    ||     3
         Ring mail         ||     2
  Dodge: Dodged            ||     5

Table legend:
 A = Non-vault XP
 B = Vault XP
 C = Vault XP percentage of total XP
 D = Non-vault monster count
 E = Vault monster count
 F = Vault count percentage of total count
                 A         B        C        D         E       F
            +---------+---------+-------+---------+---------+-------
      Total |      32 |       0 |   0.0 |      11 |       0 |   0.0
            +---------+---------+-------+---------+---------+-------
        D:1 |      32 |       0 |   0.0 |      11 |       0 |   0.0
            +---------+---------+-------+---------+---------+-------
